cohdb
Replays
Latest Replays
All Replays
Popular Replays
Top Player Replays
Match Explorer
How It Works
Community
CoH3 Stats
Reddit
Sign in to upload your games and track your stats! →
Sign in with Steam
Match 35839143
Unlisted
Match 35839143
Overview
Messages
Build Orders
End
Construct Barracks
Riflemen Squad
Riflemen Squad
Riflemen Squad
M1 Mortar Team
Construct Medical Station
Grenade Package
Infantry Support Center
Selects Advanced Infantry Battlegroup
Selects Convert to Ranger Squad
Infantry Support Center
Convert to Ranger Squad
Advanced Logistics
Munitions Surplus
Convert to Ranger Squad
Survival Training
Selects Frontline Medical Station
Riflemen Squad
Demolitions Package
Selects Ranger Weapon Training
Convert to Ranger Squad
Construct Tank Depot
M18 Hellcat Tank Destroyer
M18 Hellcat Tank Destroyer
Engineer Squad
Convert to Ranger Squad
Frontline Medical Station
Selects Artillery Observers
Selects M2A1 105mm Howitzer Emplacement
Selects 155mm Rapid Artillery Barrage
Riflemen Squad
Convert to Ranger Squad
M4(105) Sherman Bulldozer
Frontline Medical Station
Bruistablet
Daz
smg.GLORYnHALLELUJA
Professor gibberish
Kaiser Wilhelm
Leo11
Helmi
Bucket
0
0
Comments
sign in to comment!
No comments posted yet!